TOP OF THE 1ST |
Plymouth Rocks batting - Pitching for New York Knights : RHP António Sánchez
|
Pitching: RHP António Sánchez
|
|
Batting: RHB Ray Yates
|
0-0: Called Strike 0-1: Ball 1-1: Called Strike 1-2: Ball 2-2: Strikes out swinging
|
Batting: RHB António Zúñiga
|
0-0: Foul Ball, location: 2F 0-1: Ball 1-1: Foul Ball, location: 2F 1-2: Ball 2-2: Ball 3-2: Foul Ball, location: 2F 3-2: Strikes out swinging
|
Batting: LHB Roy Patrick
|
0-0: Swinging Strike 0-1: Swinging Strike 0-2: Ball 1-2: Fly out, F7 (Flyball, 7LMF)
|
Top of the 1st over - 0 run(s), 0 hit(s), 0 error(s), 0 left on base; Plymouth 0 - New York 0 |
BOTTOM OF THE 1ST |
New York Knights batting - Pitching for Plymouth Rocks : LHP Carl Lewis
|
Pitching: LHP Carl Lewis
|
|
Batting: RHB Lonnie Anderson
|
0-0: Foul Ball, location: 2F 0-1: Fly out, F4 (Popup, 4MD)
|
Batting: RHB Sixto Vélez
|
0-0: Called Strike 0-1: Ground out 6-3 (Groundball, 6)
|
Batting: LHB Troy Donaldson
|
0-0: SINGLE (Groundball, 5D)
|
Batting: SHB Marvin Harris
|
0-0: Ball 1-0: Fly out, F8 (Flyball, 8RM)
|
Bottom of the 1st over - 0 run(s), 1 hit(s), 0 error(s), 1 left on base; Plymouth 0 - New York 0 |
TOP OF THE 2ND |
Plymouth Rocks batting - Pitching for New York Knights : RHP António Sánchez
|
Batting: RHB Frederico Hernández
|
0-0: Ground out 6-3 (Groundball, 6)
|
Batting: LHB Frank Geddes
|
0-0: Ball 1-0: Ball 2-0: Ball 3-0: SINGLE (Groundball, 4MD)
|
Batting: RHB Anthony Rucker
|
0-0: Ball 1-0: Ball 2-0: Called Strike 2-1: Foul Ball, location: 2F 2-2: Strikes out swinging
|
Batting: SHB António Enríquez
|
0-0: Called Strike 0-1: SINGLE (Flyball, 8RS) Frank Geddes to second
|
Batting: RHB Dexter Potter
|
0-0: Fielders Choice at 2nd, 5-4 (Groundball, 5)
|
Top of the 2nd over - 0 run(s), 2 hit(s), 0 error(s), 1 left on base; Plymouth 0 - New York 0 |
BOTTOM OF THE 2ND |
New York Knights batting - Pitching for Plymouth Rocks : LHP Carl Lewis
|
Batting: RHB Edgardo Gonzáles
|
0-0: SINGLE (Line Drive, 7S)
|
Batting: RHB Jesús Maestas
|
0-0: SINGLE (Groundball, 6MD) Edgardo Gonzáles to second Runner from 2nd tries for 3rd, SAFE, no throw or cutoff
|
Batting: LHB Pedro Fernández
|
0-0: Ball 1-0: Swinging Strike 1-1: Fielders Choice at 2nd, 3-6 (Groundball, 3) Edgardo Gonzáles scores
|
Batting: RHB Daryl Floyd
|
0-0: Ball 1-0: Grounds into double play, 6-4-3 (Groundball, 6)
|
Bottom of the 2nd over - 1 run(s), 2 hit(s), 0 error(s), 0 left on base; Plymouth 0 - New York 1 |
TOP OF THE 3RD |
Plymouth Rocks batting - Pitching for New York Knights : RHP António Sánchez
|
Batting: RHB Jorge Márquez
|
0-0: Called Strike 0-1: Ball 1-1: Fly out, F8 (Flyball, 8RM)
|
Batting: RHB Ray Yates
|
0-0: Ball 1-0: Ball 2-0: DOUBLE (Flyball, 89D)
|
Batting: RHB António Zúñiga
|
0-0: Called Strike 0-1: Called Strike 0-2: Ball 1-2: Ball 2-2: Foul Ball, location: 2F 2-2: Ball 3-2: Foul Ball, location: 2F 3-2: Base on Balls
|
Batting: LHB Roy Patrick
|
0-0: Swinging Strike 0-1: Called Strike 0-2: Strikes out swinging
|
Batting: RHB Frederico Hernández
|
0-0: Called Strike 0-1: Ball 1-1: Called Strike 1-2: Reached on error, E5 (Groundball, 5) Ray Yates to third António Zúñiga to second
|
Batting: LHB Frank Geddes
|
0-0: Swinging Strike 0-1: Ball 1-1: Swinging Strike 1-2: Strikes out swinging
|
Top of the 3rd over - 0 run(s), 1 hit(s), 1 error(s), 3 left on base; Plymouth 0 - New York 1 |
BOTTOM OF THE 3RD |
New York Knights batting - Pitching for Plymouth Rocks : LHP Carl Lewis
|
Batting: RHB Yasuhiko Sumita
|
0-0: Ball 1-0: Ground out 4-3 (Groundball, 4M)
|
Batting: RHB Lonnie Anderson
|
0-0: Ball 1-0: Ball 2-0: Ball 3-0: Called Strike 3-1: Ground out 3-1 (Groundball, 34)
|
Batting: RHB Sixto Vélez
|
0-0: Swinging Strike 0-1: SINGLE (Line Drive, 7S)
|
Batting: LHB Troy Donaldson
|
0-0: Called Strike 0-1: SINGLE (Groundball, 34D) (infield hit) Sixto Vélez to second
|
Batting: SHB Marvin Harris
|
0-0: Ground out 4-3 (Groundball, 4)
|
Bottom of the 3rd over - 0 run(s), 2 hit(s), 0 error(s), 2 left on base; Plymouth 0 - New York 1 |
TOP OF THE 4TH |
Plymouth Rocks batting - Pitching for New York Knights : RHP António Sánchez
|
Batting: RHB Anthony Rucker
|
0-0: Ball 1-0: Ball 2-0: Called Strike 2-1: Ball 3-1: Foul Ball, location: 2F 3-2: Strikes out looking
|
Batting: SHB António Enríquez
|
0-0: Ball 1-0: SINGLE (Flyball, 3D)
|
Batting: RHB Dexter Potter
|
0-0: Called Strike 0-1: Ground out 4-3 (Groundball, 4M) António Enríquez to second
|
Batting: RHB Jorge Márquez
|
0-0: Fly out, F4 (Line Drive, 4)
|
Top of the 4th over - 0 run(s), 1 hit(s), 0 error(s), 1 left on base; Plymouth 0 - New York 1 |
BOTTOM OF THE 4TH |
New York Knights batting - Pitching for Plymouth Rocks : LHP Carl Lewis
|
Batting: RHB Edgardo Gonzáles
|
0-0: Foul Ball, location: 2F 0-1: Ball 1-1: Ball 2-1: Swinging Strike 2-2: Ball 3-2: Base on Balls
|
Batting: RHB Jesús Maestas
|
0-0: Called Strike 0-1: Swinging Strike 0-2: Foul Ball, location: 2F 0-2: Ball 1-2: Strikes out looking
|
Batting: LHB Pedro Fernández
|
0-0: Ball 1-0: Fielders Choice at 2nd, 1-6 (Groundball, 25)
|
Batting: RHB Daryl Floyd
|
0-0: Ball 1-0: Fly out, F9 (Flyball, 89D)
|
Bottom of the 4th over - 0 run(s), 0 hit(s), 0 error(s), 1 left on base; Plymouth 0 - New York 1 |
TOP OF THE 5TH |
Plymouth Rocks batting - Pitching for New York Knights : RHP António Sánchez
|
Batting: RHB Ray Yates
|
0-0: Called Strike 0-1: Called Strike 0-2: Foul Ball, location: 2F 0-2: Strikes out swinging
|
Batting: RHB António Zúñiga
|
0-0: Foul Ball, location: 2F 0-1: Called Strike 0-2: Ball 1-2: Ground out 5-3 (Groundball, 56S)
|
Batting: LHB Roy Patrick
|
0-0: Ball 1-0: Ball 2-0: Foul Ball, location: 2F 2-1: Fly out, F7 (Flyball, 78D)
|
Top of the 5th over - 0 run(s), 0 hit(s), 0 error(s), 0 left on base; Plymouth 0 - New York 1 |
BOTTOM OF THE 5TH |
New York Knights batting - Pitching for Plymouth Rocks : LHP Carl Lewis
|
Batting: RHB Yasuhiko Sumita
|
0-0: Ball 1-0: Swinging Strike 1-1: Foul Ball, location: 2F 1-2: Ground out 4-3 (Groundball, 34)
|
Batting: RHB Lonnie Anderson
|
0-0: Swinging Strike 0-1: Called Strike 0-2: Ball 1-2: Ball 2-2: Strikes out looking
|
Batting: RHB Sixto Vélez
|
0-0: Called Strike 0-1: Called Strike 0-2: Foul Ball, location: 2F 0-2: Ground out 6-3 (Groundball, 6M)
|
Bottom of the 5th over - 0 run(s), 0 hit(s), 0 error(s), 0 left on base; Plymouth 0 - New York 1 |
TOP OF THE 6TH |
Plymouth Rocks batting - Pitching for New York Knights : RHP António Sánchez
|
Batting: RHB Frederico Hernández
|
0-0: Ground out 6-3 (Groundball, 6)
|
Batting: LHB Frank Geddes
|
0-0: Called Strike 0-1: Ball 1-1: Swinging Strike 1-2: Strikes out swinging
|
Batting: RHB Anthony Rucker
|
0-0: Ball 1-0: Fly out, F9 (Line Drive, 9M)
|
Top of the 6th over - 0 run(s), 0 hit(s), 0 error(s), 0 left on base; Plymouth 0 - New York 1 |
BOTTOM OF THE 6TH |
New York Knights batting - Pitching for Plymouth Rocks : LHP Carl Lewis
|
Batting: LHB Troy Donaldson
|
0-0: Called Strike 0-1: Foul Ball, location: 2F 0-2: Foul Ball, location: 2F 0-2: Ball 1-2: Ground out U3 (Groundball, 3)
|
|
|
Batting: SHB Marvin Harris
|
0-0: Ball 1-0: Called Strike 1-1: SINGLE (Line Drive, 34D)
|
Batting: RHB Edgardo Gonzáles
|
0-0: Ball 1-0: Foul Ball, location: 2F 1-1: Called Strike 1-2: Ball 2-2: Fly out, F8 (Popup, 4MD)
|
Batting: RHB Jesús Maestas
|
0-0: Foul Ball, location: 2F 0-1: SINGLE (Line Drive, 56) Marvin Harris to second
|
Batting: LHB Pedro Fernández
|
0-0: Ball 1-0: Ball 2-0: Called Strike 2-1: Called Strike 2-2: Fly out, F1 (Line Drive, 15)
|
Bottom of the 6th over - 0 run(s), 2 hit(s), 0 error(s), 2 left on base; Plymouth 0 - New York 1 |
TOP OF THE 7TH |
Plymouth Rocks batting - Pitching for New York Knights : RHP António Sánchez
|
Batting: SHB António Enríquez
|
0-0: Swinging Strike 0-1: Ball 1-1: Ground out 4-3 (Groundball, 4)
|
Pitching: RHP Dan Wilson
|
|
Batting: RHB Dexter Potter
|
0-0: SINGLE (Groundball, 4MD)
|
Pinch Hitting: LHB Pedro Gonzáles
|
0-0: Ball 1-0: Called Strike 1-1: Swinging Strike 1-2: Foul Ball, location: 2F 1-2: Foul Ball, location: 2F 1-2: Foul Ball, location: 2F 1-2: Ball 2-2: SINGLE (Groundball, 4MD) Dexter Potter to second
|
Pinch Hitting: RHB Kelly Owens
|
0-0: Called Strike 0-1: Ball 1-1: Called Strike 1-2: Foul Ball, location: 2F 1-2: Foul Ball, location: 2F 1-2: Strikes out swinging
|
Batting: RHB António Zúñiga
|
0-0: Called Strike 0-1: Fly out, F9 (Flyball, 89D)
|
Top of the 7th over - 0 run(s), 2 hit(s), 0 error(s), 2 left on base; Plymouth 0 - New York 1 |
BOTTOM OF THE 7TH |
New York Knights batting - Pitching for Plymouth Rocks : LHP Carl Lewis
|
Now at 3B: Alberto Ramos
|
|
Now at SS: Yoshinori Sasaki
|
|
Batting: RHB Daryl Floyd
|
0-0: Ball 1-0: Called Strike 1-1: SOLO HOME RUN (Flyball, 7LD), Distance : 344 ft
|
Pitching: RHP Felipe Reyes
|
|
Batting: RHB Yasuhiko Sumita
|
0-0: Ball 1-0: Ball 2-0: Ground out 5-3 (Groundball, 5)
|
Batting: RHB Lonnie Anderson
|
0-0: Foul Ball, location: 2F 0-1: Ground out 5-3 (Groundball, 5)
|
Batting: RHB Sixto Vélez
|
0-0: Called Strike 0-1: Foul Ball, location: 2F 0-2: Ball 1-2: Strikes out swinging
|
Bottom of the 7th over - 1 run(s), 1 hit(s), 0 error(s), 0 left on base; Plymouth 0 - New York 2 |
TOP OF THE 8TH |
Plymouth Rocks batting - Pitching for New York Knights : RHP Dan Wilson
|
Batting: LHB Roy Patrick
|
0-0: Ball 1-0: Foul Ball, location: 2F 1-1: Ball 2-1: Ball 3-1: Foul Ball, location: 2F 3-2: Strikes out swinging
|
Batting: RHB Frederico Hernández
|
0-0: Swinging Strike 0-1: Ball 1-1: Ball 2-1: Swinging Strike 2-2: Strikes out swinging
|
Batting: LHB Frank Geddes
|
0-0: Fly out, F4 (Popup, 8LS)
|
Top of the 8th over - 0 run(s), 0 hit(s), 0 error(s), 0 left on base; Plymouth 0 - New York 2 |
BOTTOM OF THE 8TH |
New York Knights batting - Pitching for Plymouth Rocks : RHP Felipe Reyes
|
Batting: LHB Troy Donaldson
|
0-0: Called Strike 0-1: TRIPLE (Line Drive, 3D)
|
Batting: SHB Marvin Harris
|
0-0: Intentional Walk
|
Pinch Hitting: LHB Tom Waller
|
0-0: Called Strike 0-1: Called Strike 0-2: Ball 1-2: Fly out, F6 (Popup, 56)
|
Batting: RHB Jesús Maestas
|
0-0: Ball 1-0: Called Strike 1-1: Ground out 4-3 (Groundball, 13) Troy Donaldson scores Marvin Harris to second
|
Batting: LHB Pedro Fernández
|
0-0: Fly out, F6 (Popup, 6)
|
Bottom of the 8th over - 1 run(s), 1 hit(s), 0 error(s), 1 left on base; Plymouth 0 - New York 3 |
TOP OF THE 9TH |
Plymouth Rocks batting - Pitching for New York Knights : RHP Dan Wilson
|
Pitching: RHP Paco Ruíz
|
|
Now in CF: Keitaro Suzuki
|
|
Batting: RHB Anthony Rucker
|
0-0: Ball 1-0: Called Strike 1-1: Ball 2-1: Ball 3-1: Foul Ball, location: 2F 3-2: Strikes out swinging
|
Batting: SHB António Enríquez
|
0-0: Ball 1-0: Called Strike 1-1: Foul Ball, location: 2F 1-2: Fly out, F4 (Line Drive, 4)
|
Batting: RHB Dexter Potter
|
0-0: Foul Ball, location: 2F 0-1: Ball 1-1: Ball 2-1: Called Strike 2-2: Foul Ball, location: 2F 2-2: Strikes out swinging
|
Top of the 9th over - 0 run(s), 0 hit(s), 0 error(s), 0 left on base; Plymouth 0 - New York 3 |
|
|